 Dungeon Crawl Stone Soup version 0.28.0 (webtiles) character file.

Game seed: 14915082687445125356

26 nauticalpanda the Slasher (level 2, -6/27 HPs)
             Began as a Minotaur Berserker on Feb 7, 2022.
             Was a Follower of Trog.
             Mangled by a scorpion (7 damage)
             ... on level 2 of the Dungeon.
             The game lasted 00:06:27 (1079 turns).

nauticalpanda the Slasher (Minotaur Berserker)      Turns: 1079, Time: 00:06:27

Health: -6/27      AC:  2    Str: 21    XL:     2   Next: 89%
Magic:  1/1        EV: 12    Int:  4    God:    Trog [*.....]
Gold:   48         SH:  0    Dex:  9    Spells: 1/1 levels left

rFire   . . .      SeeInvis .   a - +0 falchion
rCold   . . .      Faith    .   (no shield)
rNeg    . . .      Spirit   .   b - +0 animal skin
rPois   .          Reflect  .   (helmet restricted)
rElec   .          Harm     .   (no cloak)
rCorr   .          Rampage  .   (no gloves)
Will    .....                   (no boots)
Stlth   +.........              (no amulet)
HPRegen 0.09/turn               (no ring)
MPRegen 0.07/turn               (no ring)

@: lethally poisoned (-6 -> -25)
A: horns 2, retaliatory headbutt
a: Renounce Religion, Berserk


You were on level 2 of the Dungeon.
You worshipped Trog.
Trog was aware of your devotion.
You visited 1 branch of the dungeon, and saw 2 of its levels.

You collected 48 gold pieces.

Inventory:

Hand Weapons
 a - a +0 falchion (weapon)
Armour
 b - a +0 animal skin (worn)
Scrolls
 c - a scroll of teleportation {unknown}
Potions
 d - a potion of degeneration {unknown}


   Skills:
 + Level 4.1 Fighting
 + Level 4.3 Long Blades
 + Level 2.6 Armour
 + Level 2.5 Dodging


You had one spell level left.
You didn't know any spells.
Your spell library was empty.

Dungeon Overview and Level Annotations

Branches:
Dungeon (2/15)

Altars:

Shops:
D:1 ?


Innate Abilities, Weirdness & Mutations

You have a pair of horns on your head.
You reflexively headbutt those who attack you in melee.


Message History

Unknown command.
The rat bites you but does no damage.
You see here a sedimented silvery potion.
You hit the rat.
You kill the rat!
Trog accepts your kill.
You closely miss the ball python. The ball python barely misses you.
The ball python grabs you. The ball python constricts you.
The ball python bites you. The ball python constricts you.
You closely miss the ball python. The ball python bites you.
The ball python constricts you.
You closely miss the ball python. You headbutt the ball python.
You kill the ball python!
Trog accepts your kill.
d - a sedimented silvery potion
Okay, then.
Okay, then.
You don't know any spells.
Unknown command.
Press: ? - help, v - describe, . - travel The floor.
A scorpion comes into view.
Found a stone staircase leading up.
The scorpion barely misses you.
You barely miss the scorpion. The scorpion stings you.
You are poisoned.
The scorpion poisons you! The scorpion stings you.
You hit the scorpion.
The scorpion is lightly wounded.
You feel very sick. The scorpion stings you.
* * * LOW HITPOINT WARNING * * *
You are more poisoned.
The scorpion poisons you!
You barely miss the scorpion. Your headbutt misses the scorpion.
The scorpion is lightly wounded.
* * * LOW HITPOINT WARNING * * *
You feel very sick. The scorpion stings you!
You die...

.#.......######
#.#...........#
#.#.####.####.#
#.#.##.†.# #.#
.....†.### #.#
#...##.# #.#
###.##.## #.#
#.##..# #.##########
#.##..# #.#.@s...<..
#.##..# #.#.########
#.##..#####.#.#
#...........#.#
###.##..#######.#
........#######.####
###.###............#
#.# #..######.##.#
#.# #..# #.# #


You could see a scorpion.

Vanquished Creatures
  3 ball pythons
  6 bats (D:1)
  3 endoplasms (D:1)
  2 goblins (D:1)
  A hobgoblin (D:2)
  2 jackals (D:2)
  A frilled lizard (D:1)
  A kobold (D:1)
  5 rats
24 creatures vanquished.

Notes
Turn   | Place    | Note
-------+----------+-------------------------------------------
     0 | D:1      | nauticalpanda the Minotaur Berserker began the quest for
                  | the Orb.
     0 | D:1      | Reached XP level 1. HP: 19/19 MP: 0/0
   137 | D:1      | Found Kaijiq's Magic Scroll Shoppe.
   231 | D:1      | Reached XP level 2. HP: 20/27 MP: 1/1
  1074 | D:2      | Noticed a scorpion
  1079 | D:2      | HP: 1/27 [poisoned by a scorpion]
  1079 | D:2      | Mangled by a scorpion

Illustrated notes

Levels and vault maps discovered:
D:1:      dpeg_arrival_fog, layout_loops_ring, serial_shops,
          nicolae_shop_window_shopping
D:2:      layout_loops_ring

Skill      XL: |  1  2 |
---------------+-------+-----
Long Blades    | 4 |  4.3
Fighting       | 4 |  4.1
Armour         | |  2.6
Dodging        | |  2.5

Action                   || total
-------------------------++-------
Melee: Falchion          ||    50
       Headbutt          ||     7
Armor: Animal skin       ||    25
Dodge: Dodged            ||    45
